[ AOE2 MATCH · #506633053 ]
UnrankedJapanese vs Bengalis
Player's team · WIN
Rival team · LOSS
[ REPLAY ANALYSIS · EXTRACTED FROM THE RECORDED GAME ]
Feudal
8:51
Castle
—
Imperial
—
| APM avg | 56.7 |
| APM peak | 88 |
| eAPM avg | 22.5 |
| Villagers / military | 90 / 31 |
Focus
⚔️ 26.6% · 🌾 73.4%
Scout Cavalry ×22 · Militia ×9
Feudal
10:57
Castle
16:47
Imperial
—
| APM avg | 43.1 |
| APM peak | 110 |
| eAPM avg | 18.9 |
| Villagers / military | 36 / 2 |
Focus
⚔️ 33.2% · 🌾 66.8%
Mangonel ×2
Match map
Initial resources + every placement click. Lines = walls · curves = elevation contours. ◆ gold · ⬟ stone · ● berries · ✦ relic · ◌ wall gap
Your base· Open — unwalled flank
Shoskid's base· Open — 6t gap
Smoothed initial terrain · ◌ = detected wall gap · hover for details
Inputs per minute
— 新竹 - - Shoskid
Build order — 新竹
First 150 of 181 actions detected
| 0:00 | Create | Villager (Male) |
| 0:01 | Create | Villager (Male) |
| 0:01 | Create | Villager (Male) |
| 0:02 | Build | House |
| 0:03 | Build | House |
| 0:05 | Create | Villager (Male) |
| 1:23 | Create | Villager (Male) |
| 1:56 | Create | Villager (Male) |
| 1:56 | Create | Villager (Male) |
| 1:56 | Create | Villager (Male) |
| 2:16 | Create | Villager (Male) |
| 2:16 | Create | Villager (Male) |
| 2:16 | Create | Villager (Male) |
| 2:46 | Create | Villager (Male) |
| 2:47 | Create | Villager (Male) |
| 2:47 | Create | Villager (Male) |
| 2:51 | Build | Lumber Camp |
| 3:04 | Build | House |
| 3:21 | Create | Villager (Male) |
| 3:21 | Create | Villager (Male) |
| 3:22 | Create | Villager (Male) |
| 3:56 | Create | Villager (Male) |
| 3:56 | Create | Villager (Male) |
| 4:00 | Build | House |
| 4:16 | Create | Villager (Male) |
| 4:16 | Create | Villager (Male) |
| 4:16 | Create | Villager (Male) |
| 5:19 | Create | Villager (Male) |
| 5:23 | Create | Villager (Male) |
| 5:27 | Build | Barracks |
| 5:47 | Research | Loom |
| 5:47 | Research | Loom |
| 6:14 | Build | House |
| 6:34 | Build | Mining Camp |
| 6:39 | Research | Feudal Age |
| 6:39 | Research | Feudal Age |
| 7:02 | Create | Militia |
| 7:03 | Create | Militia |
| 7:03 | Create | Militia |
| 7:18 | Build | Palisade Wall |
| 7:26 | Create | Militia |
| 7:26 | Create | Militia |
| 7:42 | Build | Mill |
| 7:50 | Create | Militia |
| 7:50 | Create | Militia |
| 7:51 | Create | Militia |
| 8:25 | Build | Palisade Wall |
| 8:32 | Build | House |
| 8:51 | Age | Feudal Age |
| 8:53 | Research | Man-at-Arms (upgrade) |
| 8:54 | Research | Man-at-Arms (upgrade) |
| 9:07 | Build | Watch Tower |
| 9:10 | Create | Villager (Male) |
| 9:11 | Create | Villager (Male) |
| 9:11 | Create | Villager (Male) |
| 9:11 | Create | Villager (Male) |
| 9:49 | Create | Villager (Male) |
| 9:50 | Build | Mining Camp |
| 10:33 | Build | Palisade Wall |
| 10:34 | Create | Villager (Male) |
| 10:34 | Create | Villager (Male) |
| 10:35 | Create | Villager (Male) |
| 10:35 | Create | Villager (Male) |
| 10:38 | Build | House |
| 10:39 | Build | House |
| 10:40 | Build | Palisade Wall |
| 10:59 | Create | Villager (Male) |
| 10:59 | Create | Villager (Male) |
| 10:59 | Create | Villager (Male) |
| 11:23 | Create | Villager (Male) |
| 11:23 | Create | Villager (Male) |
| 11:23 | Create | Villager (Male) |
| 11:46 | Build | Watch Tower |
| 11:55 | Build | Watch Tower |
| 12:04 | Create | Militia |
| 12:26 | Create | Villager (Male) |
| 12:26 | Create | Villager (Male) |
| 12:26 | Create | Villager (Male) |
| 12:54 | Build | Blacksmith |
| 13:10 | Create | Villager (Male) |
| 13:11 | Create | Villager (Male) |
| 13:11 | Create | Villager (Male) |
| 13:21 | Build | Watch Tower |
| 13:29 | Build | Mill |
| 13:30 | Create | Villager (Male) |
| 13:31 | Create | Villager (Male) |
| 13:31 | Create | Villager (Male) |
| 13:43 | Create | Villager (Male) |
| 13:44 | Create | Villager (Male) |
| 13:44 | Create | Villager (Male) |
| 14:02 | Build | Farm |
| 14:22 | Build | Farm |
| 14:23 | Build | Farm |
| 14:31 | Create | Villager (Male) |
| 14:32 | Create | Villager (Male) |
| 14:32 | Create | Villager (Male) |
| 14:33 | Build | Farm |
| 14:48 | Build | Palisade Wall |
| 14:49 | Build | Palisade Wall |
| 14:50 | Build | Palisade Wall |
| 14:51 | Build | Palisade Wall |
| 15:02 | Build | Farm |
| 15:09 | Research | Double-Bit Axe |
| 15:09 | Research | Double-Bit Axe |
| 15:09 | Research | Double-Bit Axe |
| 15:35 | Create | Villager (Male) |
| 15:35 | Create | Villager (Male) |
| 15:35 | Create | Villager (Male) |
| 15:56 | Create | Villager (Male) |
| 15:56 | Create | Villager (Male) |
| 15:56 | Create | Villager (Male) |
| 15:56 | Create | Villager (Male) |
| 16:01 | Research | Horse Collar |
| 16:01 | Research | Horse Collar |
| 16:12 | Build | Farm |
| 16:15 | Build | Farm |
| 16:17 | Build | Farm |
| 16:40 | Build | Watch Tower |
| 16:49 | Create | Villager (Male) |
| 16:49 | Create | Villager (Male) |
| 16:49 | Create | Villager (Male) |
| 16:50 | Create | Villager (Male) |
| 16:51 | Build | Farm |
| 17:09 | Research | Fletching |
| 17:09 | Research | Fletching |
| 17:14 | Create | Villager (Male) |
| 17:14 | Create | Villager (Male) |
| 17:14 | Create | Villager (Male) |
| 17:14 | Create | Villager (Male) |
| 17:29 | Create | Villager (Male) |
| 17:30 | Create | Villager (Male) |
| 17:30 | Create | Villager (Male) |
| 17:30 | Create | Villager (Male) |
| 17:42 | Build | Farm |
| 17:44 | Build | Farm |
| 17:53 | Build | Watch Tower |
| 17:54 | Create | Villager (Male) |
| 17:54 | Create | Villager (Male) |
| 18:14 | Build | Watch Tower |
| 18:15 | Create | Villager (Male) |
| 18:17 | Build | House |
| 18:20 | Build | House |
| 19:01 | Create | Villager (Male) |
| 19:12 | Create | Villager (Male) |
| 19:17 | Build | Stable |
| 19:29 | Create | Villager (Male) |
| 19:29 | Create | Villager (Male) |
| 19:35 | Build | Watch Tower |
| 19:40 | Research | Forging |
| 19:40 | Research | Forging |
Build order — Shoskid
85 actions detected in the replay
| 0:00 | Create | Villager (Male) |
| 0:00 | Create | Villager (Male) |
| 0:01 | Create | Villager (Male) |
| 0:01 | Create | Villager (Male) |
| 0:01 | Create | Villager (Male) |
| 0:02 | Build | House |
| 0:03 | Build | House |
| 1:34 | Create | Villager (Male) |
| 1:34 | Create | Villager (Male) |
| 1:34 | Create | Villager (Male) |
| 1:51 | Build | Lumber Camp |
| 1:58 | Create | Villager (Male) |
| 1:58 | Create | Villager (Male) |
| 2:14 | Create | Villager (Male) |
| 2:14 | Create | Villager (Male) |
| 2:45 | Create | Villager (Male) |
| 2:45 | Create | Villager (Male) |
| 3:03 | Create | Villager (Male) |
| 3:03 | Create | Villager (Male) |
| 3:03 | Create | Villager (Male) |
| 3:30 | Create | Villager (Male) |
| 3:30 | Create | Villager (Male) |
| 3:46 | Create | Villager (Male) |
| 3:46 | Create | Villager (Male) |
| 3:55 | Build | House |
| 3:59 | Build | Palisade Wall |
| 4:01 | Build | House |
| 4:15 | Create | Villager (Male) |
| 4:16 | Create | Villager (Male) |
| 4:19 | Build | Mill |
| 4:58 | Create | Villager (Male) |
| 4:58 | Create | Villager (Male) |
| 4:58 | Create | Villager (Male) |
| 5:09 | Build | Mill |
| 5:47 | Create | Villager (Male) |
| 5:48 | Create | Villager (Male) |
| 5:48 | Create | Villager (Male) |
| 5:48 | Create | Villager (Male) |
| 6:16 | Research | Loom |
| 6:35 | Build | Palisade Wall |
| 6:38 | Build | Palisade Wall |
| 6:40 | Create | Villager (Male) |
| 6:47 | Create | Villager (Male) |
| 6:48 | Create | Villager (Male) |
| 7:17 | Build | Mining Camp |
| 7:26 | Build | Palisade Wall |
| 7:31 | Build | Palisade Wall |
| 8:20 | Build | Palisade Wall |
| 8:21 | Build | Palisade Wall |
| 8:21 | Build | Palisade Wall |
| 8:24 | Build | Palisade Wall |
| 8:25 | Build | Palisade Wall |
| 8:26 | Build | Palisade Wall |
| 8:27 | Build | Palisade Wall |
| 8:27 | Build | Palisade Wall |
| 8:29 | Build | Palisade Wall |
| 8:30 | Build | Palisade Wall |
| 8:32 | Build | Palisade Wall |
| 8:32 | Build | Palisade Wall |
| 8:35 | Build | Palisade Wall |
| 8:36 | Build | Palisade Wall |
| 8:47 | Research | Feudal Age |
| 10:33 | Build | Palisade Wall |
| 10:42 | Build | Palisade Wall |
| 10:46 | Build | Palisade Wall |
| 10:57 | Age | Feudal Age |
| 11:05 | Build | Market |
| 12:00 | Build | Palisade Wall |
| 12:07 | Build | Watch Tower |
| 13:21 | Build | Blacksmith |
| 14:08 | Research | Castle Age |
| 15:15 | Build | Lumber Camp |
| 16:08 | Build | Watch Tower |
| 16:19 | Build | Market |
| 16:29 | Build | House |
| 16:31 | Build | House |
| 16:47 | Age | Castle Age |
| 17:06 | Build | Siege Workshop |
| 17:19 | Build | Lumber Camp |
| 17:37 | Create | Mangonel |
| 17:51 | Create | Villager (Male) |
| 17:51 | Create | Villager (Male) |
| 17:52 | Create | Villager (Male) |
| 20:48 | Create | Mangonel |
| 22:14 | Build | Barracks |
Match timeline
| 3:59 | Shoskid · wall_segment Palisade Wall x3 |
| 5:27 | 新竹 · first_building Barracks |
| 6:35 | Shoskid · wall_segment Palisade Wall x5 |
| 6:38 | Shoskid · wall_segment Palisade Wall x5 |
| 7:18 | 新竹 · wall_segment Palisade Wall x1 |
| 7:26 | Shoskid · wall_segment Palisade Wall x2 |
| 7:31 | Shoskid · wall_segment Palisade Wall x8 |
| 8:20 | Shoskid · wall_segment Palisade Wall x1 |
| 8:21 | Shoskid · wall_segment Palisade Wall x1 |
| 8:21 | Shoskid · wall_segment Palisade Wall x1 |
| 8:24 | Shoskid · wall_segment Palisade Wall x1 |
| 8:25 | Shoskid · wall_segment Palisade Wall x1 |
| 8:25 | 新竹 · wall_segment Palisade Wall x1 |
| 8:26 | Shoskid · wall_segment Palisade Wall x1 |
| 8:27 | Shoskid · wall_segment Palisade Wall x1 |
| 8:27 | Shoskid · wall_segment Palisade Wall x1 |
| 8:29 | Shoskid · wall_segment Palisade Wall x1 |
| 8:30 | Shoskid · wall_segment Palisade Wall x1 |
| 8:32 | Shoskid · wall_segment Palisade Wall x1 |
| 8:32 | Shoskid · wall_segment Palisade Wall x1 |
| 8:35 | Shoskid · wall_segment Palisade Wall x5 |
| 8:36 | Shoskid · wall_segment Palisade Wall x2 |
| 8:51 | 新竹 · age_up feudal |
| 10:33 | Shoskid · wall_segment Palisade Wall x3 |
| 10:33 | 新竹 · wall_segment Palisade Wall x3 |
| 10:40 | 新竹 · wall_segment Palisade Wall x1 |
| 10:42 | Shoskid · wall_segment Palisade Wall x5 |
| 10:46 | Shoskid · wall_segment Palisade Wall x1 |
| 10:57 | Shoskid · age_up feudal |
| 12:00 | Shoskid · wall_segment Palisade Wall x1 |
| 13:30 | Shoskid · first_market_buy 100 stone |
| 14:48 | 新竹 · wall_segment Palisade Wall x2 |
| 14:49 | 新竹 · wall_segment Palisade Wall x2 |
| 14:50 | 新竹 · wall_segment Palisade Wall x3 |
| 14:51 | 新竹 · wall_segment Palisade Wall x3 |
| 16:47 | Shoskid · age_up castle |
| 17:06 | Shoskid · first_building Siege Workshop |
| 19:17 | 新竹 · first_building Stable |
| 22:14 | Shoskid · first_building Barracks |
| 23:29 | Shoskid · resign |
[ AI ANALYSIS · 1 CREDIT ]
What really happened in this match?
Wolo.gg analyzes every decision: build order, eco, micro, common mistakes by bracket. Personalized analysis on WhatsApp or Discord in 30 seconds.
Civ guide
Japanese
Perfil
Jugador #14547856